 Dungeon Crawl Stone Soup version 0.24.0-1-gfbc8707122 (webtiles) character file.

Game seed: 1952206203617459404, levelgen mode: deterministic

232 Howlingfantods the Shield-Bearer (level 5, -3/47 HPs)
             Began as a Minotaur Fighter on Oct 28, 2019.
             Slain by a mummy (12 damage)
             ... in an ossuary.
             The game lasted 00:16:33 (1674 turns).

Howlingfantods the Shield-Bearer (Minotaur Fighter) Turns: 1674, Time: 00:16:33

Health: -3/47      AC:  9    Str: 24      XL:     5   Next: 73%
Magic:  4/4        EV:  8    Int:  4 (5)  God:
Gold:   106        SH: 10    Dex:  9      Spells: 4/4 levels left

rFire    . . .     SeeInvis .   c - +0 war axe
rCold    . . .     Gourm    .   b - +0 shield
rNeg     . . .     Faith    .   a - +0 scale mail
rPois    .         Spirit   .   (helmet restricted)
rElec    .         Reflect  .   (no cloak)
rCorr    .         Harm     .   (no gloves)
MR       .....                  (no boots)
Stlth    ..........             (no amulet)
HPRegen  0.15/turn              (no ring)
MPRegen  0.09/turn              (no ring)

@: no status effects
A: retaliatory headbutt, horns 2, molten scales 1, strong 1, evolution 1
a: no special abilities


You were in an ossuary.
You were not hungry.

You visited 1 branch of the dungeon, and saw 5 of its levels.
You also visited: Ossuary.

You collected 106 gold pieces.

Inventory:

Hand Weapons
 c - a +0 war axe (weapon)
Armour
 a - a +0 scale mail (worn)
 b - a +0 shield (worn)
Scrolls
 e - a scroll of remove curse {unknown}
Potions
 f - a potion of curing
 g - a potion of flight
Comestibles
 d - 5 rations


   Skills:
 * Level 4.4 Fighting
 * Level 4.8 Armour
 + Level 0.8 Dodging
 * Level 5.0 Shields
 * Level 4.3 Unarmed Combat


You had 4 spell levels left.
You didn't know any spells.
Your spell library was empty.

Dungeon Overview and Level Annotations

Branches:
Dungeon (5/15)            Ossuary (1/1)
 Temple: D:4-7

Altars:
Makhleb

Shops:
D:5 [


Innate Abilities, Weirdness & Mutations

You reflexively headbutt those who attack you in melee.
You have a pair of horns on your head.
You are partially covered in molten scales. (AC +2)
Your muscles are strong. (Str +2)
You evolve.


Message History

You hit the mummy.
The mummy is lightly damaged.
You hit the mummy. You hit the big kobold zombie.
The big kobold zombie hits you but does no damage.
The mummy hits you.
You block the big kobold zombie's attack.
You completely miss the mummy.
The mummy is lightly damaged.
Your scale mail prevents you from hitting the mummy.
You hit the big kobold zombie.
The big kobold zombie closely misses you.
The mummy hits you but does no damage. You block the mummy's attack.
You hit the mummy. Your headbutt misses the mummy.
The mummy is moderately damaged.
You hit the mummy but do no damage. You hit the big kobold zombie.
The big kobold zombie hits you but does no damage.
The mummy hits you!
* * * LOW HITPOINT WARNING * * *
You feel better. The mummy hits you!
You die...

#....#
#....#
#....#
#....#
#....#
#....#
#.Z..#
#ZMM.#
#.@∩.#
######


You could see 2 mummies, a gnoll zombie and a big kobold zombie.

Vanquished Creatures
  A scorpion (D:5)
  2 orc priests
  An orc wizard (D:5)
  A worker ant (D:4)
  An adder (D:3)
  A worm (D:3)
  A leopard gecko (D:1)
  7 orcs
  A ball python (D:2)
  3 giant cockroaches
  5 goblins
  5 hobgoblins
  2 jackals (D:2)
  2 quokkas
  5 bats
  2 frilled lizards (D:3)
  2 gnoll zombies (Ossuary)
  A hobgoblin zombie (Ossuary)
  A leopard gecko skeleton (D:5)
  2 orc zombies (Ossuary)
  6 rats
52 creatures vanquished.

Notes
Turn   | Place    | Note
-------+----------+-------------------------------------------
     0 | D:1      | Howlingfantods the Minotaur Fighter began the quest for the
                  | Orb.
     0 | D:1      | Reached XP level 1. HP: 19/19 MP: 0/0
    97 | D:1      | Reached XP level 2. HP: 27/27 MP: 1/1
   150 | D:2      | Found a burning altar of Makhleb.
   155 | D:2      | Gained mutation: You evolve. [potion of mutation]
   155 | D:2      | Gained mutation: You are partially covered in molten
                  | scales. (AC +2) [potion of mutation]
   155 | D:2      | Gained mutation: Your muscles are strong. (Str +2) [potion
                  | of mutation]
   217 | D:2      | Reached skill level 4 in Shields
   251 | D:3      | Reached XP level 3. HP: 33/33 MP: 2/2
   939 | D:3      | Reached XP level 4. HP: 23/40 MP: 3/3
  1314 | D:5      | Entered Level 5 of the Dungeon
  1412 | D:5      | Reached XP level 5. HP: 44/46 MP: 4/4
  1487 | D:5      | Found Dovoefum's Antique Armour Shoppe.
  1577 | D:5      | Reached skill level 5 in Shields
  1586 | D:5      | Found a sand-covered staircase.
  1595 | Ossuary  | Entered an ossuary
  1674 | Ossuary  | Slain by a mummy

Levels and vault maps discovered:
D:1:      lightli_arrival_statuegarden, layout_rooms
D:2:      minmay_spotlight, layout_basic, old_standard_altar,
          minmay_snake_closets
D:3:      layout_loops_ring
D:4:      wad_lake_hut, layout_loops_corners
D:5:      layout_layer_cave, nicolae_ossuary_entry_ruins, first_ration,
          serial_shops, shop, uniq_edmund
Ossuary:  ossuary_tomb_3

Skill      XL: |  1  2  3  4  5 |
---------------+----------------+-----
Armour         | 4 |  4.8
Shields        | 4 5 |  5.0
Fighting       | 4 |  4.4
Unarmed Combat | 3 4 |  4.3
Dodging        | |  0.8

Action                   |  1- 3 |  4- 6 || total
-------------------------+-------+-------++-------
Melee: Unarmed           |   121 |    41 ||   162
       Headbutt          |    12 |     4 ||    16
       War axe           |       |    17 ||    17
  Use: Potion            |     6 |     4 ||    10
       Scroll            |     3 |     3 ||     6
  Eat: Chunk             |       |     1 ||     1
       Ration            |       |     1 ||     1
Armor: Scale mail        |    36 |    24 ||    60
Dodge: Dodged            |    29 |    24 ||    53
Block: Shield            |    50 |    35 ||    85
